 Dungeon Crawl Stone Soup version 0.23.2-40-g277498a001 (webtiles) character file.

Game seed: 8381961436255985378

7216 Destapler the Fighter (level 11, -12/101 HPs)
             Began as a Formicid Fighter on Aug 18, 2019.
             Was an Elder of Elyvilon.
             Mangled by a sun demon (16 damage)
             ... on level 4 of the Abyss.
             The game lasted 01:05:29 (14896 turns).

Destapler the Fighter (Formicid Fighter)           Turns: 14896, Time: 01:05:29

Health: -12/101    AC: 12    Str: 24    XL:     11   Next: 33%
Magic:  4/11       EV: 10    Int:  8    God:    Elyvilon [****..]
Gold:   372        SH: 12    Dex: 15    Spells: 10/10 levels left

rFire    . . .     SeeInvis +   x - +6 spear of Vautack {pierce, *Contam rElec rC+}
rCold    + + .     Gourm    .   c - +0 shield
rNeg     . . .     Faith    +   D - +2 ring mail {rPois}
rPois    +         Spirit   .   (helmet unavailable)
rElec    +         Reflect  .   L - +0 cloak
rCorr    .         Harm     .   s - +0 pair of gloves
MR       +....                  (no boots)
Stlth    +.........             l - amulet of faith
HPRegen  0.26/turn              g - ring of protection from cold
MPRegen  0.12/turn              u - +5 ring of dexterity

@: studying Armour
A: permanent stasis, dig shafts and tunnels, four strong arms, antennae 3
a: Dig, Shaft Self, Lesser Healing, Heal Other, Purification, Greater Healing,
Divine Protection, Renounce Religion


You were on level 4 of the Abyss.
You worshipped Elyvilon.
Elyvilon was greatly pleased with you.
You were very hungry.

You visited 2 branches of the dungeon, and saw 11 of its levels.
You visited the Abyss 1 time.
You also visited: Bailey.

You collected 450 gold pieces.
You spent 78 gold pieces at shops.

Inventory:

Hand Weapons
 a - a +0 long sword
 b - a +0 hunting sling
 w - a +2 executioner's axe of flaming
 x - the +6 spear of Vautack (weapon) {pierce, *Contam rElec rC+}
   (You found it on level 7 of the Dungeon)

   It inflicts extra damage upon your enemies.
   It protects you from cold.
   It insulates you from electricity.
   It causes magical contamination when unequipped.
Missiles
 h - 453 stones (quivered)
 t - 53 sling bullets
 N - 4 curare-tipped needles
 O - 3 tomahawks
Armour
 c - a +0 shield (worn)
 d - a +0 scale mail
 s - a +0 pair of gloves (worn)
 y - a +0 leather armour of cold resistance
 D - a +2 ring mail of poison resistance (worn)
 L - a +0 cloak (worn)
Jewellery
 g - a ring of protection from cold (left hand)
 l - an amulet of faith (around neck)
 u - a +5 ring of dexterity (right hand)
 B - a +5 ring of intelligence
Wands
 q - a wand of polymorph (4)
 C - a wand of iceblast (7)
 F - a wand of enslavement (16)
 Q - a wand of digging (3)
Scrolls
 i - 7 scrolls of identify
 k - 3 scrolls of remove curse
 p - a scroll of fog
 v - 5 scrolls of enchant armour
 A - a scroll of magic mapping
 E - a scroll of amnesia
 H - 2 scrolls of fear {unknown}
 K - a scroll of teleportation
 R - a scroll of noise
Potions
 e - 2 potions of brilliance
 j - 4 potions of lignification
 m - 2 potions of mutation
 o - 2 potions of cancellation
 r - 2 potions of flight
 G - a potion of degeneration
 I - 2 potions of agility
 J - a potion of invisibility
 M - a potion of resistance
 P - a potion of experience
Books
 n - a manual of Armour
Comestibles
 f - 12 rations


   Skills:
 - Level 14.9 Fighting
 - Level 7.2 Long Blades
 + Level 12.4 Armour
 - Level 9.0 Shields


You had 10 spell levels left.
You didn't know any spells.
Your spell library contained the following spells:

 Spells                   Type           Power        Failure   Level  Hunger
 Corona                   Hex            #......      52%         1    ##.....
 Slow                     Hex            #.......     65%         2    ###....
 Ignite Poison            Fire/Tmut/Pois #.......     87%         3    ####...
 Inner Flame              Hex/Fire       #.......     87%         3    ####...
 Portal Projectile        Hex/Tloc       #.....       87%         3    ####...
 Cause Fear               Hex            #.........   99%         4    #####..
 Leda's Liquefaction      Hex/Erth       #.........   99%         4    #####..
 Fireball                 Conj/Fire      #.........   100%        5    ######.
 Bolt of Fire             Conj/Fire      #.........   100%        6    #######
 Ring of Flames           Chrm/Fire      #.........   100%        7    #######
 Ignition                 Fire           #.........   100%        8    #######


Dungeon Overview and Level Annotations

Branches:
Dungeon (10/15)            Temple (1/1) D:7            Lair (0/6) D:9
    Orc (0/2) D:9

Altars:
Ashenzari
Cheibriados
Dithmenos
Elyvilon
Fedhas
Gozag
Hepliaklqana
Kikubaaqudgha
Makhleb
Nemelex Xobeh
Okawaru
Qazlal
Ru
Sif Muna
Trog
Uskayaw
Vehumet
Wu Jian
Xom
Yredelemnul
Zin
The Shining One
Beogh

Shops:
D:4 *   D:8 !

Annotations:
D:10 Sonja


Innate Abilities, Weirdness & Mutations

You cannot be hasted, slowed, berserked, paralysed or teleported.
You can dig through walls and to a lower floor.
Your four strong arms can wield two-handed weapons with a shield.
You have a pair of large antennae on your head. (SInv)


Message History

* * * LOW HITPOINT WARNING * * *
The sixfirhy shocks you. You resist.
* * * LOW HITPOINT WARNING * * *
Press: ? - help, v - describe, . - travel
Here: a sixfirhy The floor.
Evoke which item? (* to show all) (? for menu, Esc to quit)
Aiming: Enslavement
Press: ? - help, Shift-Dir - straight line, f - sixfirhy
Aim: a sixfirhy (chance to defeat MR: 15%)
Okay, then.
Evoke which item? (* to show all) (? for menu, Esc to quit)
Aiming: Polymorph
Press: ? - help, Shift-Dir - straight line, f - sixfirhy
Aim: a sixfirhy (chance to defeat MR: 15%)
The sixfirhy evaporates and reforms as a sun demon!
The sun demon hits you.
* * * LOW HITPOINT WARNING * * *
You are engulfed in flames!
You die...

.. .. #..# . ..#....
..##..#. ## ...
3#.......... .. ?.. #
........####. .. ##
..#...#.#.#. .#..#.
###.#...... .. ....
..# #......#.##..#.
.#
.###.#..............#
.... #..#..##...@# #.
.. #.#.#....3## .
...$#.....###.#
...#.........#...##
#...###..#.#.#.#{# ##
.# #....$#.#*### ..#
#.#...##...[# # #
####......# { .#
#...........#


You could see a sun demon.

Vanquished Creatures
  An orc knight (Bailey)
  A troll (D:9)
  4 hippogriffs
  A yak (D:8)
  2 hungry ghosts (D:9)
  A water moccasin (D:8)
  4 black bears
  3 phantoms
  18 orc warriors
  5 sky beasts
  3 ogres
  A necrophage (D:8)
  2 centaurs
  A crocodile (D:9)
  A big kobold (D:9)
  4 bullfrogs
  3 scorpions
  3 howler monkeys
  A bullfrog zombie (D:8)
  3 crimson imps
  4 orc priests
  5 hounds
  A jelly (D:6)
  6 orc wizards
  10 worker ants
  6 ogre zombies (D:9)
  A hound zombie (D:7)
  A hound skeleton (D:4)
  A howler monkey zombie (D:9)
  13 adders
  4 gnolls (D:7)
  3 shadow imps
  2 oozes
  4 worms (D:3)
  3 dart slugs
  5 leopard geckos
  47 orcs
  3 ball pythons
  8 bats
  9 giant cockroaches
  19 goblins
  9 hobgoblins
  9 jackals
  3 quokkas
  6 frilled lizards
  A goblin skeleton (D:9)
  A hobgoblin skeleton (D:9)
  A hobgoblin zombie (D:9)
  21 kobolds
  A leopard gecko skeleton (D:8)
  A leopard gecko zombie (D:7)
  3 orc skeletons (D:9)
  13 orc zombies (D:9)
  8 rats
294 creatures vanquished.

Vanquished Creatures (others)
  Robin (D:2)
  9 fungi (D:9)
10 creatures vanquished.

Grand Total: 304 creatures vanquished

Notes
Turn   | Place    | Note
-------+----------+-------------------------------------------
     0 | D:1      | Destapler the Formicid Fighter began the quest for the Orb.
     0 | D:1      | Reached XP level 1. HP: 18/18 MP: 1/1
    89 | D:1      | Reached XP level 2. HP: 24/24 MP: 2/2
   302 | D:1      | Reached XP level 3. HP: 17/29 MP: 3/3
  1169 | D:2      | Reached XP level 4. HP: 35/35 MP: 4/4
  1703 | D:2      | Noticed Robin
  1728 | D:2      | Killed Robin
  1728 | D:2      | Reached XP level 5. HP: 7/41 MP: 5/5
  2676 | D:3      | Reached skill level 5 in Shields
  3005 | D:3      | Found a bloodstained altar of Trog.
  3005 | D:3      | Noticed a moth of wrath
  3640 | D:3      | Reached XP level 6. HP: 44/47 MP: 6/6
  3645 | D:3      | Found a snail-covered altar of Cheibriados.
  3922 | D:4      | Found Fyworel's Assorted Antiques.
  4679 | D:5      | Entered Level 5 of the Dungeon
  4693 | D:5      | Found a deep blue altar of Sif Muna.
  4693 | D:5      | Noticed an ogre
  4724 | D:4      | Reached XP level 7. HP: 44/52 MP: 7/7
  5007 | D:5      | Reached skill level 5 in Armour
  5110 | D:5      | Reached skill level 5 in Long Blades
  5244 | D:5      | Reached XP level 8. HP: 41/58 MP: 8/8
  5803 | D:5      | Found a glowing silver altar of Zin.
  7254 | D:6      | Noticed a hippogriff
  7269 | D:6      | Killed a hippogriff
  7269 | D:6      | Reached XP level 9. HP: 29/64 MP: 9/9
  7734 | D:7      | Reached skill level 4 in Fighting
  7811 | D:6      | Reached skill level 5 in Fighting
  7864 | D:7      | Reached skill level 6 in Fighting
  7882 | D:7      | Noticed a hippogriff
  7895 | D:7      | Killed a hippogriff
  7895 | D:7      | Reached skill level 7 in Fighting
  8050 | D:7      | Found a staircase to the Ecumenical Temple.
  8056 | Temple   | Entered the Ecumenical Temple
  8252 | Temple   | Became a worshipper of Elyvilon the Healer
  8345 | D:7      | Got an ancient spear
  8346 | D:7      | Identified the +6 spear of Vautack {pierce, *Contam rElec
                  | rC+} (You found it on level 7 of the Dungeon)
  8430 | D:7      | Reached skill level 8 in Fighting
  8452 | D:7      | Noticed a hippogriff
  8460 | D:7      | Killed a hippogriff
  8460 | D:7      | Reached skill level 9 in Fighting
  8756 | D:8      | Reached skill level 10 in Fighting
  9008 | D:8      | Reached * piety under Elyvilon
  9181 | D:8      | Found Rilosocu's Distillery.
  9189 | D:8      | Bought a potion of heal wounds for 65 gold pieces
  9189 | D:8      | Bought a potion of degeneration for 13 gold pieces
  9201 | D:8      | Reached skill level 11 in Fighting
  9201 | D:8      | Reached XP level 10. HP: 76/86 MP: 10/10
  9355 | D:8      | Reached skill level 12 in Fighting
  9680 | D:9      | Found a flagged portal.
  9694 | D:9      | Reached skill level 13 in Fighting
  9696 | Bailey   | Entered a bailey
 10331 | Bailey   | Reached ** piety under Elyvilon
 10888 | Bailey   | Reached skill level 14 in Fighting
 11299 | Bailey   | Noticed an orc knight
 11469 | Bailey   | Killed an orc knight
 12450 | D:9      | Found a roughly hewn altar of Beogh.
 12699 | D:8      | Reached XP level 11. HP: 40/101 MP: 11/11
 13121 | D:9      | Reached skill level 10 in Armour
 13198 | D:9      | Found a staircase to the Orcish Mines.
 13506 | D:9      | Reached *** piety under Elyvilon
 13779 | D:9      | Found a staircase to the Lair.
 13952 | D:10     | Entered Level 10 of the Dungeon
 14243 | D:10     | Noticed Sonja
 14658 | D:10     | Cast into level 2 of the Abyss (Sonja)
 14749 | Abyss:2  | Reached **** piety under Elyvilon
 14775 | Abyss:3  | Noticed a thrashing horror
 14775 | Abyss:3  | Noticed an unseen horror
 14775 | Abyss:3  | Noticed an unseen horror
 14776 | Abyss:3  | Noticed a thrashing horror
 14776 | Abyss:3  | Noticed an unseen horror
 14777 | Abyss:3  | Noticed a thrashing horror
 14777 | Abyss:3  | Noticed an unseen horror
 14777 | Abyss:3  | Noticed an unseen horror
 14777 | Abyss:3  | Noticed a thrashing horror
 14777 | Abyss:3  | Noticed an unseen horror
 14778 | Abyss:3  | Noticed an unseen horror
 14778 | Abyss:3  | Noticed an unseen horror
 14834 | Abyss:3  | Found a corrupted altar of Lugonu.
 14845 | Abyss:3  | Noticed a ghost moth
 14867 | Abyss:4  | Noticed a sixfirhy
 14888 | Abyss:4  | HP: 5/101 [sixfirhy (3)]
 14896 | Abyss:4  | Noticed a sun demon
 14896 | Abyss:4  | a sixfirhy changed into a sun demon
 14896 | Abyss:4  | HP: 4/101 [sun demon (6)]
 14896 | Abyss:4  | Mangled by a sun demon

Skill      XL: |  1  2  3  4  5  6  7  8  9 10 11 |
---------------+----------------------------------+-----
Shields        | 4 5 6 7 8 9 |  9.0
Long Blades    | 3 4 5 6 7 |  7.2
Armour         | 4 5 6 8 12 | 12.4
Fighting       | 11 14 | 14.9

Action                   |  1- 3 |  4- 6 |  7- 9 | 10-12 || total
-------------------------+-------+-------+-------+-------++-------
Melee: Long sword        |    78 |   272 |   317 |       ||   667
       Spear             |       |       |    83 |   529 ||   612
 Fire: Hunting sling     |       |       |     7 |       ||     7
Throw: Stone             |     4 |    13 |    20 |     8 ||    45
Invok: Lesser Healing    |       |       |       |     1 ||     1
 Abil: Dig               |     5 |     4 |     3 |    10 ||    22
Evoke: Wand              |       |       |       |    13 ||    13
  Use: Potion            |       |     1 |     2 |     5 ||     8
       Scroll            |       |     7 |       |    12 ||    19
  Eat: Chunk             |     2 |    12 |    15 |    15 ||    44
       Ration            |       |       |       |     3 ||     3
Armor: Scale mail        |    37 |   118 |    69 |       ||   224
       Ring mail         |       |       |    77 |   123 ||   200
Dodge: Dodged            |    42 |   118 |   137 |   159 ||   456
Block: Shield            |     5 |   184 |   229 |   298 ||   716
       Rpst.: Long sword |    15 |    36 |    35 |       ||    86
